 Dungeon Crawl Stone Soup version 0.28.0-43-g3370ac3207 (webtiles) character file.

Game seed: 15589565341112248878

13 cbfl8 the Sneak (level 2, -2/27 HPs)
             Began as a Minotaur Delver on Mar 23, 2022.
             Slain by an iguana (11 damage)
             ... on level 4 of the Dungeon.
             The game lasted 00:00:41 (159 turns).

cbfl8 the Sneak (Minotaur Delver)                    Turns: 159, Time: 00:00:42

Health: -2/27      AC:  3    Str: 16    XL:     2   Next: 24%
Magic:  1/1        EV: 11    Int:  7    God:
Gold:   15         SH:  0    Dex: 11    Spells: 1/1 levels left

rFire   . . .      SeeInvis .   a - +0 hand axe
rCold   . . .      Faith    .   (no shield)
rNeg    . . .      Spirit   .   b - +0 leather armour
rPois   .          Reflect  .   (helmet restricted)
rElec   .          Harm     .   (no cloak)
rCorr   .          Rampage  .   (no gloves)
Will    .....                   (no boots)
Stlth   ++........              (no amulet)
HPRegen 0.09/turn               (no ring)
MPRegen 0.07/turn               (no ring)

@: no status effects
A: horns 2, retaliatory headbutt
a: no special abilities


You were on level 4 of the Dungeon.
You visited 1 branch of the dungeon, and saw 2 of its levels.

You collected 15 gold pieces.

Inventory:

Hand Weapons
 a - a +0 hand axe (weapon)
Armour
 b - a +0 leather armour (worn)
Wands
 g - a wand of digging (3)
Scrolls
 c - a scroll of fog
 e - a scroll of fear
Potions
 f - a potion of haste


   Skills:
 + Level 3.8 Fighting
 + Level 2.5 Axes
 + Level 0.2 Armour
 + Level 2.2 Dodging
 + Level 4.4 Stealth


You had one spell level left.
You didn't know any spells.
Your spell library was empty.

Dungeon Overview and Level Annotations

Branches:
Dungeon (5/15)
 Temple: D:4-7

Altars:


Innate Abilities, Weirdness & Mutations

You have a pair of horns on your head.
You reflexively headbutt those who attack you in melee.


Message History

There is a stone staircase leading up here.
You climb upwards.
Found 15 gold pieces.
Found a stone staircase leading down.
There is a stone staircase leading down here.
A hound skeleton comes into view.
Found an escape hatch in the floor.
The hound skeleton misses you. The hound skeleton bites you.
There is a stone staircase leading down here.
The hound skeleton bites you but does no damage.
You slash the hound skeleton! You headbutt the hound skeleton!
The hound skeleton is almost destroyed.
The hound skeleton bites you. The hound skeleton barely misses you.
You furiously retaliate!
You headbutt the hound skeleton. You barely miss the hound skeleton.
You headbutt the hound skeleton.
You destroy the hound skeleton!
You have reached level 2!
You start resting.
HP restored.
There is a stone staircase leading down here.
You now have 15 gold pieces. 2 gnolls come into view.
Found a scroll labelled ULIOTUJOAL.
There is a stone staircase leading down here.
There is a stone staircase leading down here.
Found an escape hatch in the ceiling.
The gnoll shouts!
You hear a shout!
A gnoll comes into view. It is wielding a +0 flail.
A hobgoblin comes into view.
An iguana comes into view.
Found 13 gold pieces and a scroll labelled WEULUOSMUN.
The iguana bites you! The gnoll hits you but does no damage.
The iguana bites you!
* * * LOW HITPOINT WARNING * * *
The iguana hisses menacingly.
You see here 13 gold pieces.
Found a scroll labelled JYKKICL YVUN.
The iguana misses you.
The iguana hisses menacingly.
You see here a scroll labelled JYKKICL YVUN.
The iguana bites you!
You die...

#########.
#.@.......
#l########
#g# # #.#
#.#g#
#.#.#####
#..?....#
###g###.#
#.# #.##.#
#.# #


You could see an iguana and 3 gnolls.

Vanquished Creatures
  A hound skeleton (D:4)
1 creature vanquished.

Notes
Turn   | Place    | Note
-------+----------+-------------------------------------------
     0 | D:5      | cbfl8 the Minotaur Delver began the quest for the Orb.
     0 | D:5      | Reached XP level 1. HP: 19/19 MP: 0/0
    16 | D:5      | Noticed an iguana
    17 | D:5      | Noticed a wyvern zombie
    43 | D:5      | Noticed a water moccasin zombie
    65 | D:4      | Reached XP level 2. HP: 24/27 MP: 1/1
   159 | D:4      | Slain by an iguana

Illustrated notes

Levels and vault maps discovered:
D:4:      layout_loops_ring, minmay_temple_entry_butterflies,
          minmay_misc_feat_encased, minmay_bisected
D:5:      layout_basic, gammafunk_ghost_nasty_kobolds, minmay_misc_feat_tiny,
          hangedman_decor_lopped, uniq_pikel

Action                   || total
-------------------------++-------
Melee: Hand axe          ||     2
       Headbutt          ||     2
  Use: Scroll            ||     1
Armor: Leather armour    ||     2
Dodge: Dodged            ||     3
